 Dungeon Crawl Stone Soup version 0.23-a0-85-g22930c1 (webtiles) character file.

7 Amnesiac the Gusty (level 1, 0/13 HPs)
             Began as a Mummy Air Elementalist on Aug 14, 2018.
             Slain by a rat (2 damage)
             ... on level 1 of the Dungeon.
             The game lasted 00:00:38 (198 turns).

Amnesiac the Gusty (Mummy Air Elementalist)          Turns: 198, Time: 00:00:39

Health: 0/13       AC:  2    Str: 11    XL:     1   Next: 83%
Magic:  2/4        EV: 12    Int: 14    God:
Gold:   10         SH:  0    Dex: 12    Spells: 4/5 levels left

rFire    x . .     SeeInvis .   b - -1 whip (curse)
rCold    + . .     Gourm    .   (no shield)
rNeg     + + +     Faith    .   a - +0 robe
rPois    ∞         Spirit   .   (no helmet)
rElec    .         Reflect  .   (no cloak)
rCorr    .         Harm     .   (no gloves)
MR       .....                  (no boots)
Stlth    ++........             (no amulet)
HPRegen  0.04/turn              (no ring)
MPRegen  0.09/turn              (no ring)

@: no status effects
A: no food or potions, fire vulnerability, cold resistance 1, negative energy
resistance 3, torment resistance, unbreathing
a: no special abilities


You were on level 1 of the Dungeon.
You were not hungry.

You visited 1 branch of the dungeon, and saw 1 of its levels.

You collected 10 gold pieces.

Inventory:

Hand Weapons
 b - a cursed -1 whip (weapon)
Armour
 a - a +0 robe (worn)
Scrolls
 c - a scroll of enchant armour {!r, unknown}


   Skills:
 - Level 1.5 Dodging
 - Level 1.5 Stealth
 + Level 2.8 Spellcasting
 - Level 0.7 Conjurations
 * Level 2.8 Air Magic


You had 4 spell levels left.
You knew the following spells:

 Your Spells              Type           Power        Failure   Level  Hunger
a - Shock                 Conj/Air       #...         11%         1    N/A

Your spell library contained the following spells:

 Spells                   Type           Power        Failure   Level  Hunger
 Lightning Bolt           Conj/Air       #.........   96%         5    N/A
 Swiftness                Chrm/Air       #.......     19%         2    N/A
 Airstrike                Air            #.........   56%         4    N/A
 Static Discharge         Conj/Air       #.......     32%         3    N/A

Dungeon Overview and Level Annotations

Branches:
Dungeon (1/15)

Altars:


Innate Abilities, Weirdness & Mutations

You do not eat or drink.
Your flesh is vulnerable to fire.
You are immune to poison.
Your flesh is cold resistant. (rC+)
You are immune to negative energy. (rN+++)
You are immune to unholy pain and torment.
You can survive without breathing.


Message History

Casting: Shock (safe; 11% risk of failure)
Confirm with . or Enter, or press ? or * to list all spells.
Aiming: Shock (safe; 11% risk of failure)
Press: ? - help, Shift-Dir - straight line, f - giant cockroach
Aim: a giant cockroach (hasn't noticed you)
The zap hits the giant cockroach.
The giant cockroach is heavily wounded.
Casting: Shock (safe; 11% risk of failure)
Confirm with . or Enter, or press ? or * to list all spells.
Aiming: Shock (safe; 11% risk of failure)
Press: ? - help, Shift-Dir - straight line, f/p - giant cockroach
Aim: a giant cockroach (moderately wounded, clinging)
The zap hits the giant cockroach.
The giant cockroach is heavily wounded.
You see here a dagger.
Casting: Shock (safe; 11% risk of failure)
Confirm with . or Enter, or press ? or * to list all spells.
Aiming: Shock (safe; 11% risk of failure)
Press: ? - help, Shift-Dir - straight line, f/p - giant cockroach
Aim: a giant cockroach (heavily wounded)
The zap hits the giant cockroach.
The giant cockroach appears unharmed.
The giant cockroach is heavily wounded.
The zap hits the giant cockroach.
You kill the giant cockroach!
Casting: Shock (safe; 11% risk of failure)
Confirm with . or Enter, or press ? or * to list all spells.
You don't have enough magic to cast that spell.
Unknown command.
You start resting.
Magic restored.
c - a scroll labeled ILYMAN NOKUDI {!r} You open the door.
A rat and a gnoll come into view.
Found 7 gold pieces.
There are monsters nearby!
You open the door.
A kobold comes into view. It is wielding a short sword.
The kobold shouts!
There is an open door here.
The rat bites you but does no damage. The gnoll closely misses you.
The rat barely misses you.
Casting: Shock (safe; 11% risk of failure)
Confirm with . or Enter, or press ? or * to list all spells.
Aiming: Shock (safe; 11% risk of failure)
Press: ? - help, Shift-Dir - straight line The zap hits the kobold.
The kobold appears unharmed.
The zap hits the gnoll.
The gnoll is lightly wounded.
The zap hits the gnoll.
The gnoll is moderately wounded.
The zap misses the kobold.
The kobold barely misses you. The gnoll barely misses you.
The rat bites you but does no damage.
Unknown command.
Casting: Shock (safe; 11% risk of failure)
Confirm with . or Enter, or press ? or * to list all spells.
Aiming: Shock (safe; 11% risk of failure)
Press: ? - help, Shift-Dir - straight line The zap misses the rat. x2; The zap hits the gnoll.
The gnoll is heavily wounded.
The kobold hits you but does no damage.
The gnoll hits you from afar with a halberd!
Ouch! That really hurt!
* * * LOW HITPOINT WARNING * * *
The rat bites you.
You die...

#.$...'..........PPPPPPPPP
#.....####.......PPPP.....
##### #.%.....PPP.PPPPP
#.......PP.PPPPPP
########.......P.PPPPPPP
#..............P.PPPPPPP
+......g.......P.PPPPPPP
#......Kr######P.PPPPPP.
#......@...#


#P.PPPPP.P ######...†.# #PP.PPP.PP #.....# #PPP.PP.PP #...).# #PPPP.†...
#.....####PPP.PP.PP #.....(.†.PP.PPP.PP #########.P.PPPPP.P #.P.PPPPPP.
#...PPPPPPP You could see a gnoll, a kobold and a rat.

Vanquished Creatures
  A dart slug (D:1)
  A giant cockroach (D:1)
  A kobold (D:1)
  A bat (D:1)
  A frilled lizard (D:1)
5 creatures vanquished.

Notes
Turn   | Place    | Note
-------+----------+-------------------------------------------
     0 | D:1      | Amnesiac the Mummy Air Elementalist began the quest for the Orb.
     0 | D:1      | Reached XP level 1. HP: 13/13 MP: 4/4
   198 | D:1      | Slain by a rat

Vault maps used:
D:1:      roderic_crop_circles_arrival_large

Action                   || total
-------------------------++-------
 Cast: Shock             ||    14
Armor: Robe              ||     2
Dodge: Dodged            ||     6

Table legend:
 A = Non-vault XP
 B = Vault XP
 C = Vault XP percentage of total XP
 D = Non-vault monster count
 E = Vault monster count
 F = Vault count percentage of total count
 G = Total turns spent on level
                 A         B        C        D         E       F
            +---------+---------+-------+---------+---------+-------
      Total |      10 |       0 |   0.0 |       5 |       0 |   0.0
            +---------+---------+-------+---------+---------+-------
        D:1 |      10 |       0 |   0.0 |       5 |       0 |   0.0
            +---------+---------+-------+---------+---------+-------
